 Dungeon Crawl Stone Soup version 0.22.1-1-ga44c0e56f4 (webtiles) character file.

37 Gargoyl the Skirmisher (level 3, 0/27 HPs)
             Began as a Centaur Abyssal Knight on Oct 22, 2018.
             Was a Follower of Lugonu.
             Succumbed to an adder's poison
             ... on level 2 of the Dungeon.
             The game lasted 00:02:00 (847 turns).

Gargoyl the Skirmisher (Centaur Abyssal Knight)      Turns: 847, Time: 00:02:01

Health: 0/27       AC:  7    Str: 14    XL:     3   Next: 21%
Magic:  4/4        EV:  3    Int: 11    God:    Lugonu [*.....]
Gold:   58         SH: 10    Dex:  9    Spells: 2/2 levels left

rFire    . . .     SeeInvis .   a - +1 hand axe
rCold    . . .     Gourm    .   h - +0 large shield
rNeg     . . .     Faith    .   d - +0 ring mail
rPois    .         Spirit   .   (no helmet)
rElec    .         Reflect  .   (no cloak)
rCorr    .         Harm     .   (no gloves)
MR       +....     Clarity  +   (no barding)
Stlth    ..........             (no amulet)
HPRegen  0.09/turn              (no ring)
MPRegen  0.09/turn              (no ring)

@: lethally poisoned (0 -> -11), invisible, very quick
A: large, hooves 3, thin metallic scales 1, clarity, deformed body, speed 2,
frail 1, magic resistance 1, tough skin 3
a: Depart the Abyss, Renounce Religion


You were on level 2 of the Dungeon.
You worshipped Lugonu.
Lugonu was aware of your devotion.
You were not hungry.

You visited 1 branch of the dungeon, and saw 2 of its levels.
You visited the Abyss 1 time.

You collected 58 gold pieces.

Inventory:

Hand Weapons
 a - a +1 hand axe (weapon)
Armour
 d - a +0 ring mail (worn)
 h - a +0 large shield (worn)
Wands
 f - a wand of paralysis (16)
Scrolls
 i - 2 scrolls of magic mapping
 j - a scroll of amnesia
Potions
 b - a potion of curing {unknown}
 g - a potion of mutation
Comestibles
 c - 3 rations


   Skills:
 + Level 3.6 Fighting
 + Level 2.0 Axes
 * Level 1.6 Armour
 + Level 1.0 Dodging
 * Level 2.4 Invocations


You had 2 spell levels left.
You didn't know any spells.
Your spell library was empty.

Dungeon Overview and Level Annotations

Branches:
Dungeon (2/15)

Altars:


Innate Abilities, Weirdness & Mutations

You have hooves in place of feet.
Armour fits poorly on your strangely shaped body.
You cover ground very quickly.
You have extremely tough skin. (AC +3)
You are partially covered in thin metallic scales. (AC +2)
You possess an exceptional clarity of mind.
You are frail. (-10% HP)
You are resistant to hostile enchantments. (MR+)


Message History

The adder is heavily wounded.
You feel sick. You block the adder's attack. The adder bites you.
* * * LOW HITPOINT WARNING * * *
Unknown command.
You hit the adder.
The adder is almost dead.
* * * LOW HITPOINT WARNING * * *
You feel sick. The adder bites you.
* * * LOW HITPOINT WARNING * * *
You are more poisoned.
The adder poisons you!
You miss the adder.
The adder is almost dead.
* * * LOW HITPOINT WARNING * * *
You feel sick. The adder bites you but does no damage.
You block the adder's attack.
Unknown command.
It was a potion of invisibility.
You fade into invisibility!
You die...

*******,,,,****,*****,*,,,,,,,,**
<,,,,,,,**,..*#.,.$,,,*,,,,*,,**
*******,,,,#.##.*.#**,*,*,*,,****
****,,....#..,,,,,,>,,,,,,,
***##...#.#####.**,,*****
*,,,....#.......**,**,,,,
*,***#..#....###**,,,,*** **,*
#..S)......,,,,*** ***,,*
##.@†......,,,,*
**,,,*####..!.......,,,,* ***
**,,**##.....###..###***** *,,
**,,**#.......)...## ***
*,,***..#......####
*,*,,,%.....##.(.## #####
*,*,**.....#*###(.# #....
***,*,,,...##* ##.# #.###
,,,,,,,,###* #.# #.#


You could see an adder.

Vanquished Creatures
  An ufetubus (Abyss:2)
  A leopard gecko (D:1)
  A ball python (D:2)
  3 goblins (D:1)
  6 hobgoblins
  4 jackals
  3 kobolds
  4 frilled lizards (D:1)
  5 rats
28 creatures vanquished.

Notes
Turn   | Place    | Note
-------+----------+-------------------------------------------
     0 | Abyss:1  | Gargoyl the Centaur Abyssal Knight began the quest for the
                  | Orb.
     0 | Abyss:1  | Reached XP level 1. HP: 19/19 MP: 2/2
    14 | Abyss:2  | Found a corrupted altar of Lugonu.
   103 | Abyss:2  | Gained mutation: You are partially covered in iridescent
                  | scales. (AC +2) [potion of mutation]
   103 | Abyss:2  | Gained mutation: Your skin changes colour to match your
                  | surroundings (Stealth+). [potion of mutation]
   103 | Abyss:2  | Gained mutation: You are frail. (-10% HP) [potion of
                  | mutation]
   103 | Abyss:2  | Gained mutation: You are resistant to hostile enchantments.
                  | (MR+) [potion of mutation]
   104 | Abyss:2  | Lost mutation: Your skin changes colour to match your
                  | surroundings (Stealth+). [potion of mutation]
   104 | Abyss:2  | Lost mutation: You are partially covered in iridescent
                  | scales. (AC +2) [potion of mutation]
   104 | Abyss:2  | Gained mutation: You possess an exceptional clarity of
                  | mind. [potion of mutation]
   104 | Abyss:2  | Gained mutation: You are partially covered in thin metallic
                  | scales. (AC +2) [potion of mutation]
   114 | Abyss:2  | Noticed a shadow demon
   115 | D:1      | Escaped the Abyss
   142 | D:1      | Reached XP level 2. HP: 23/23 MP: 3/3
   162 | D:1      | Reached * piety under Lugonu
   608 | D:1      | Reached XP level 3. HP: 27/27 MP: 4/4
   814 | D:2      | Reached skill level 1 in Dodging
   846 | D:2      | HP: 1/27 [poisoned by an adder]
   847 | D:2      | Succumbed to an adder's poison

Skill      XL: |  1  2  3 |
---------------+----------+-----
Axes           | 2 |  2.0
Dodging        | 1 |  1.0
Fighting       | |  3.6
Armour         | |  1.6
Invocations    | |  2.4

Action                   || total
-------------------------++-------
Melee: Hand axe          ||    82
       Kick              ||     9
Invok: Depart the Abyss  ||     1
  Use: Potion            ||     4
       Scroll            ||     5
Armor: Ring mail         ||    50
Dodge: Dodged            ||    11
Block: Large shield      ||    46
